 Dungeon Crawl Stone Soup version 0.20.1-1-g8b1a95d (webtiles) character file.

81 vineage the Shield-Bearer (level 4, -9/28 HPs)
             Began as a Gargoyle Fighter on Oct 6, 2017.
             Killed by divine providence
             ... invoked by an orc priest
              (11 damage)
             ... on level 3 of the Dungeon.
             The game lasted 00:02:48 (2003 turns).

vineage the Shield-Bearer (Gargoyle Fighter)        Turns: 2003, Time: 00:02:49

Health: -9/28      AC: 15    Str: 29    XL:     4   Next: 42%
Magic:  4/4        EV:  7    Int:  8    God:
Gold:   147        SH: 10    Dex: 11    Spells: 3/3 levels left

rFire    . . .     SeeInvis .   a - +0 flail
rCold    . . .     Gourm    .   c - +0 shield
rNeg     + + .     Faith    .   g - +0 pearl dragon scales
rPois    ∞         Spirit   .   (no helmet)
rElec    +         Reflect  .   (no cloak)
rCorr    .         Harm     .   (no gloves)
MR       .....                  (no boots)
Stlth    ..........             (no amulet)
Regen    0.1/turn               j - +3 ring of strength
MPRegen  0.1/turn               o - ring of poison resistance

@: mighty
A: agile 1, negative energy resistance 1, screaming 1, electricity resistance,
unbreathing, petrification resistance, rot immunity, AC +3
a: no special abilities


You were on level 3 of the Dungeon.
You were very hungry.

You visited 1 branch of the dungeon, and saw 3 of its levels.

You collected 147 gold pieces.

Inventory:

Hand Weapons
 a - a +0 flail (weapon)
Armour
 b - a +0 scale mail
 c - a +0 shield (worn)
 e - a +0 plate armour
 g - +0 pearl dragon scales (worn)
Jewellery
 j - a +3 ring of strength (left hand)
 o - a ring of poison resistance (right hand)
Scrolls
 l - 2 scrolls of amnesia
Potions
 d - a potion of might
Comestibles
 f - 3 bread rations
 h - a royal jelly
 k - 3 fruits


   Skills:
 + Level 3.5 Fighting
 + Level 2.9 Maces & Flails
 + Level 3.7 Armour
 + Level 0.4 Dodging
 + Level 0.2 Stealth
 + Level 4.2 Shields


You had 3 spell levels left.
You didn't know any spells.

Dungeon Overview and Level Annotations

Branches:
Dungeon (3/15)

Altars:
Yredelemnul


Innate Abilities, Weirdness & Mutations

You are resistant to torment.
Your stone body is resilient. (AC +3)
You are immune to poison.
You resist negative energy. (rN+)
You are resistant to electric shocks. (rElec)
You can survive without breathing.
You are immune to petrification.
You are immune to rotting.
You are agile. (Dex +2)
You occasionally shout uncontrollably at your foes.


Message History

You feel agile all of a sudden. You block the orc priest's attack. x2
It was a potion of mutation.
You feel extremely strange.
You feel the urge to shout.
You feel agile. You block the orc priest's attack.
The orc priest calls upon Beogh to heal the orc priest.
The orc priest's wounds heal themselves!
It was a potion of cancellation.
Your magical effects are unravelling.
You feel magically purged.
You feel less wooden.
Your +0 pearl dragon scales unmelds from your body.
You feel a little less agile now. You block the orc priest's attack. x2
You feel very mighty all of a sudden. You block the orc priest's attack.
You closely miss the orc priest. The orc priest closely misses you.
The orc priest invokes the aid of Beogh against you.
Beogh smites you!
You die...

.....#.###.......####.
.....................
#....#....##...####
#....#....##.###
#....#....##..#### .
#....#...........+ ...
#.....#'#####.####....
#.....#.#..........#..
###.....#.#.##.o@.......
........#.# #.#o#.####.
........#.# ...#.....
....#####.######.......
....# #.. .......#.
....# ### #..###.# ....+
.... # .#### .... .#


You could see 2 orc priests.

Vanquished Creatures
  2 adders
  A worm (D:2)
  3 dart slugs (D:2)
  3 leopard geckos
  An orc (D:3)
  2 giant cockroaches (D:1)
  4 hobgoblins
  5 kobolds
  2 quokkas (D:2)
  3 ball pythons
  9 bats
  4 frilled lizards
  2 gnoll zombies (D:2)
  5 goblins
  7 rats
53 creatures vanquished.

Notes
Turn   | Place    | Note
-------+----------+-------------------------------------------
     0 | D:1      | vineage the Gargoyle Fighter began the quest for the Orb.
     0 | D:1      | Reached XP level 1. HP: 14/14 MP: 1/1
   146 | D:1      | Reached XP level 2. HP: 15/19 MP: 2/2
  1101 | D:2      | Reached XP level 3. HP: 15/23 MP: 3/3
  1151 | D:2      | Reached skill level 4 in Shields
  1641 | D:2      | Reached XP level 4. HP: 28/28 MP: 4/4
  1686 | D:2      | Found a basalt altar of Yredelemnul.
  1996 | D:3      | HP: 1/28 [orc priest/divine providence (12)]
  2000 | D:3      | Gained mutation: You occasionally shout uncontrollably at your foes. [potion of mutation]
  2000 | D:3      | Gained mutation: You are agile. (Dex +2) [potion of mutation]
  2003 | D:3      | Killed from afar by an orc priest

Skill      XL: |  1  2  3 |
---------------+----------+-----
Shields        | 4 |  4.2
Fighting       | |  3.5
Maces & Flails | |  2.9
Armour         | |  3.7
Dodging        | |  0.4
Stealth        | |  0.2

Action                   |  1- 3 |  4- 6 || total
-------------------------+-------+-------++-------
Melee: Flail             |   193 |    50 ||   243
  Use: Potion            |       |     5 ||     5
       Scroll            |       |     3 ||     3
  Eat: Chunk             |     3 |       ||     3
Armor: Scale mail        |    22 |       ||    22
       Plate armour      |    85 |       ||    85
       Pearl dragon scal |    35 |    33 ||    68
       Skin              |       |     2 ||     2
Dodge: Dodged            |    54 |    24 ||    78
Block: Shield            |   141 |    36 ||   177
